 Dungeon Crawl Stone Soup version 0.29-a0-559-g359e09b9d1 (webtiles) character file.

Game seed: 8565724322200700632

321 Heedrag the Digger (level 6, -1/32 HPs)
             Began as a Gargoyle Earth Elementalist on June 9, 2022.
             Slain by Edmund
             ... wielding a +2 flail of holy wrath
              (3 damage)
             ... on level 4 of the Dungeon.
             The game lasted 00:06:05 (4636 turns).

Heedrag the Digger (Gargoyle Earth Elementalist)    Turns: 4636, Time: 00:06:05

Health: -1/32      AC:  7    Str: 11    XL:     6   Next: 46%
Magic:  7/11       EV: 12    Int: 18    God:
Gold:   91         SH:  0    Dex: 10    Spells: 6/12 levels left

rFire   . . .      SeeInvis .   j - +0 mace (drain)
rCold   . . .      Faith    .   (no shield)
rNeg    + . .      Spirit   .   b - +0 robe
rPois   ∞          Reflect  .   (no helmet)
rElec   +          Harm     .   (no cloak)
rCorr   .          Rampage  .   (no gloves)
Will    .....                   k - +0 pair of boots
Stlth   ++........              (no amulet)
HPRegen 0.10/turn               (no ring)
MPRegen 0.12/turn               (no ring)

@: no status effects
A: sickness immunity, AC +4, negative energy resistance 1, electricity
resistance, torment resistance 1, petrification resistance
a: no special abilities


You were on level 4 of the Dungeon.
You visited 1 branch of the dungeon, and saw 5 of its levels.

You collected 201 gold pieces.
You spent 110 gold pieces at shops.

Inventory:

Hand Weapons
 e - a +0 short sword
   (You took it off a kobold on level 1 of the Dungeon)
 j - a +0 mace of draining (weapon)
   (You found it on level 2 of the Dungeon)
Missiles
 a - 77 stones
 o - 8 poisoned darts
Armour
 b - a +0 robe (worn)
 k - a +0 pair of boots (worn)
   (You found it on level 2 of the Dungeon)
Scrolls
 d - a scroll of identify {unknown}
 g - 5 scrolls of teleportation {unknown}
 h - 4 scrolls of enchant armour {unknown}
 i - a scroll of immolation {unknown}
 l - 2 scrolls of amnesia {unknown}
 q - a scroll of poison {unknown}
 r - a scroll of fog {unknown}
 t - a scroll of acquirement {unknown}
Potions
 c - a potion of magic
 f - a potion of lignification {unknown}
 m - a potion of haste {unknown}
 n - 5 potions of curing {@q1}
 p - 2 potions of mutation {unknown}
 s - a potion of heal wounds {@q2}
 u - a potion of resistance {unknown}
 v - a potion of flight {unknown}
 w - a potion of invisibility {unknown}
 x - a potion of brilliance {unknown}


   Skills:
 + Level 2.3 Dodging
 + Level 3.5 Stealth
 * Level 3.5 Spellcasting
 + Level 1.5 Conjurations
 + Level 1.9 Transmutations
 * Level 5.3 Earth Magic


You had 6 spell levels left.
You knew the following spells:

 Your Spells              Type           Power      Damage    Failure   Level
a - Sandblast             Erth           44%        2d11      1%          1
q - Passwall              Tmut/Erth      13%        N/A       5%          2
x - Stone Arrow           Conj/Erth      30%        3d8       11%         3

Your spell library contained the following spells:

 Spells                   Type           Power      Damage    Failure   Level
 Static Discharge         Conj/Air       5%         N/A       17%         2
 Petrify                  Tmut/Erth      16%        N/A       34%         4
 Lightning Bolt           Conj/Air       2%         1d14      97%         5
 Maxwell's Capacitive Co  Air            1%         ∞         100%        8


Dungeon Overview and Level Annotations

Branches:
Dungeon (5/15)
 Temple: D:4-7

Altars:

Shops:
D:3 !

Annotations:
D:4 Edmund
D:5 Sigmund


Innate Abilities, Weirdness & Mutations

You are immune to sickness and miasma.
Your stone body is resilient. (AC +4)
You are immune to poison.
You resist negative energy. (rN+)
You are resistant to electric shocks. (rElec)
You are resistant to unholy torment.
You are immune to petrification.


Message History

You kill the kobold!
You see here a +0 club.
The goblin hits you but does no damage.
You barely miss the goblin. The goblin hits you but does no damage.
You hit the goblin. You drain the goblin.
You kill the goblin!
No target in view!
No target in view!
a - 81 stones (gained 1)
Things that are here:
a +0 whip; a kobold corpse You open the door.
A sourceless malevolence fills the Dungeon...
You fall into a shaft and drop 1 floor!
The shaft crumbles and collapses.
Found a grey potion.
Found a stone staircase leading up.
Found 12 gold pieces.
x - a grey potion
(D) Dungeon
Where to? (Enter - D:4, ? - help) Edmund and Sigmund come into view.
Edmund is wielding a +2 flail of holy wrath.
Sigmund is wielding a +0 scythe and wearing a +2 robe of willpower.
Found a stone staircase leading down.
Sigmund shouts!
There is a stone staircase leading up here.
Edmund hits you with a +2 flail of holy wrath!
Sigmund breathes a few words.
Sigmund's hands start flickering wildly.
Sigmund closely misses you.
You climb upwards.
Found a scroll labelled KENNUOSAUT.
There is a stone staircase leading down here.
You closely miss Edmund.
Edmund hits you with a +2 flail of holy wrath.
Aim: Edmund, wielding a +2 flail of holy wrath and wearing a +0 ring mail (83% to hit)
The blast of sand hits Edmund but does no damage.
Edmund hits you with a +2 flail of holy wrath.
Aim: Edmund, wielding a +2 flail of holy wrath and wearing a +0 ring mail (83% to hit)
The blast of sand hits Edmund!
Edmund hits you with a +2 flail of holy wrath!
* * * LOW HITPOINT WARNING * * *
Unknown command.
Aim: Edmund, wielding a +2 flail of holy wrath and wearing a +0 ring mail (lightly wounded, 83% to hit)
The blast of sand hits Edmund!
Edmund hits you with a +2 flail of holy wrath!
* * * LOW HITPOINT WARNING * * *
Aim: Edmund, wielding a +2 flail of holy wrath and wearing a +0 ring mail (moderately wounded, 83% to hit)
The blast of sand hits Edmund but does no damage.
Edmund hits you with a +2 flail of holy wrath.
You die...

..# ..# ..#
..# ..## #
####...#...
#?@........
#..@.......
#..........
########...
.


You could see Edmund.

Vanquished Creatures
  Grinder (D:4)
  4 adders
  2 worms
  An orc (D:3)
  11 ball pythons
  5 endoplasms
  2 giant cockroaches
  9 goblins
  9 hobgoblins
  9 jackals
  2 quokkas
  10 bats
  3 frilled lizards
  7 kobolds
  8 rats
83 creatures vanquished.

Notes
Turn   | Place    | Note
-------+----------+-------------------------------------------
     0 | D:1      | Heedrag the Gargoyle Earth Elementalist began the quest for
                  | the Orb.
     0 | D:1      | Reached XP level 1. HP: 10/10 MP: 3/3
   347 | D:1      | Reached skill level 1 in Transmutations
   347 | D:1      | Reached XP level 2. HP: 5/15 MP: 1/5
   844 | D:1      | Reached skill level 4 in Earth Magic
  1204 | D:1      | Reached XP level 3. HP: 10/19 MP: 6/6
  1662 | D:1      | Found a faded altar of an unknown god.
  1865 | D:2      | Learned a level 3 spell: Stone Arrow
  1868 | D:2      | Learned a level 2 spell: Passwall
  2088 | D:2      | Reached XP level 4. HP: 23/24 MP: 2/7
  3536 | D:3      | Found Yluoth's Distillery.
  3546 | D:3      | Bought a potion of heal wounds for 50 gold pieces
  3546 | D:3      | Bought 2 potions of curing for 60 gold pieces
  4154 | D:3      | Reached XP level 5. HP: 28/28 MP: 2/9
  4385 | D:4      | Noticed Grinder
  4393 | D:4      | Paralysed by Grinder for 4 turns
  4400 | D:4      | Paralysed by Grinder for 2 turns
  4403 | D:4      | Killed Grinder
  4404 | D:4      | Reached skill level 1 in Conjurations
  4404 | D:4      | Reached skill level 5 in Earth Magic
  4404 | D:4      | Reached XP level 6. HP: 18/32 MP: 0/11
  4611 | D:4      | You fall into a shaft and drop 1 floor!
  4611 | D:5      | Entered Level 5 of the Dungeon
  4623 | D:5      | Noticed Edmund
  4623 | D:5      | Noticed Sigmund
  4636 | D:4      | Slain by Edmund

Illustrated notes

Levels and vault maps discovered:
D:1:      ncdulo_watergridlock, layout_basic, dilly_ecumenical_altar_fadedgnrine
D:2:      layout_basic, minmay_misc_feat_secret_circle
D:3:      layout_basic, serial_shops, shop, minmay_snake_closets
D:4:      layout_gridville, uniq_grinder
D:5:      layout_rooms, minmay_temple_entry_poolview, minmay_small_thing,
          uniq_edmund, uniq_sigmund, uniq_ijyb

Skill      XL: |  1  2  3  4  5 |
---------------+----------------+-----
Transmutations | 1 |  1.9
Earth Magic    | 4 5 |  5.3
Dodging        | 2 |  2.3
Stealth        | 3 |  3.5
Spellcasting   | 3 |  3.5
Conjurations   | 1 |  1.5

Action                   |  1- 3 |  4- 6 || total
-------------------------+-------+-------++-------
Melee: Unarmed           |     8 |       ||     8
       Short sword       |    19 |       ||    19
       Mace              |    10 |    83 ||    93
 Cast: Sandblast         |    44 |    26 ||    70
       Stone Arrow       |       |     5 ||     5
 Stab: Sleeping          |       |     5 ||     5
       Distracted        |       |     1 ||     1
Armor: Robe              |    24 |    35 ||    59
Dodge: Dodged            |    57 |    88 ||   145

Table legend: (Time is in decaauts)
 A = Elapsed time spent in this place.
 B = Non-inter-level travel time spent in this place.
 C = Inter-level travel time spent in this place.
 D = Time resting spent in this place.
 E = Time spent auto-exploring this place.
 F = Levels seen in this place.
 G = Mean time per level.
                   A        B        C        D        E       F      G
               +--------+--------+--------+--------+--------+-----+--------+
         Total |   4673 |   4440 |    233 |    108 |   3768 |   5 |  934.6 |
       Dungeon |   4673 |   4440 |    233 |    108 |   3768 |   5 |  934.6 |
               +--------+--------+--------+--------+--------+-----+--------+

Top non-repeatable levels by time:
     D:1: 1719 daAuts
     D:2: 1482 daAuts
     D:3: 1218 daAuts
     D:4: 234 daAuts
     D:5: 19 daAuts
